AoeStats
← November_jp

Glade

510919554Analyzed
1v1 RM · 20h ago on Oct 3, 2026· 13m 15s· 2 players
Game mode
Random Map
Map size
Tiny (2 player)
Population
200
Speed
Normal
Resources
Standard
Victory
Conquest
Starting age
Dark Age
Ending age
Imperial Age
RankedLock teamsTeams togetherTeam positionsShared explorationLock speedFull tech treeHidden civsTurbo modeCheats
Victory
Defeat
🇨🇳 Chinese · China
786
+13
🇰🇷 Poles · South Korea
710
-31
spark
0:33 Loom
10:47 Feudal Age
11:37 Double-Bit Axe
12:47 Horse Collar
November_jp
12:23 Feudal Age
13:05 Gold Mining
13:03 Double-Bit Axe
14:02 Wheelbarrow
Connection lost

Rejoining the realm…

Still unreachable

The connection could not be restored.

Session expired

The server has moved on; the page needs a fresh start.